 Dungeon Crawl Stone Soup version 0.25-a0-657-ge95d391c20 (webtiles) character file.

Game seed: 14647763988541629701, levelgen mode: deterministic

1563424 hittemvvvvvhard the Impregnable (level 27, 188/188 HPs)
             Began as a Tengu Berserker on Mar 21, 2020.
             Was a Priest of Trog.
             Escaped with the Orb
             ... and 3 runes on Mar 22, 2020!
             The game lasted 04:29:43 (90970 turns).

hittemvvvvvhard the Impregnable (Tengu Berserker)  Turns: 90970, Time: 04:29:43

Health: 188/188    AC: 42    Str: 35    XL:     27
Magic:  37/37      EV: 23    Int:  7    God:    Trog [***...]
Gold:   2179       SH: 28    Dex: 15    Spells: 26/26 levels left

rFire    + + .     SeeInvis .   a - +9 broad axe (freeze)
rCold    + . .     Gourm    .   n - +1 tower shield {reflect}
rNeg     . . .     Faith    .   B - +0 gold dragon scales
rPois    +         Spirit   +   f - +2 hat {MR+}
rElec    +         Reflect  +   C - +2 cloak {+Inv}
rCorr    .         Harm     .   R - +2 pair of gloves
MR       ++...                  (boots unavailable)
Stlth    ..........             U - amulet "Joen" {Spirit rElec rPois MR- Str+5}
HPRegen  0.41/turn              F - ring of protection from fire
MPRegen  0.25/turn              P - +5 ring of protection

@: flying quickly and evasively, quick
A: beak, horns 1, talons 3, thin metallic scales 1, able to fly
0: Orb of Zot
}: 3/15 runes: decaying, silver, gossamer
a: Stop Flying, Berserk, Trog's Hand, Renounce Religion, Evoke Invisibility


You escaped.
You worshipped Trog.
Trog was most pleased with you.
You were very full.

You visited 10 branches of the dungeon, and saw 52 of its levels.
You also visited: Gauntlet and Wizlab.

You collected 9409 gold pieces.
You spent 7230 gold pieces at shops.

Inventory:

Hand Weapons
 a - a +9 broad axe of freezing (weapon)
 b - a +9 antimagic broad axe
Missiles
 z - 6 throwing nets {=f}
Armour
 f - a +2 hat of magic resistance (worn)
 n - a +1 tower shield of reflection (worn)
 B - +0 gold dragon scales (worn)
 C - a +2 cloak of invisibility (worn)
 R - a +2 pair of gloves (worn)
Jewellery
 p - a +6 ring of evasion
 F - a ring of protection from fire (left hand)
 M - the amulet of the Four Winds {rN+ MR+++ Clar}
   (You bought it in a shop on level 2 of the Orcish Mines)

   [amulet of nothing]

   It protects you from negative energy.
   It affects your resistance to hostile enchantments.
   It protects you against confusion.
 N - an uncursed ring of positive energy {rN+}
 P - a +5 ring of protection (right hand)
 S - an uncursed ring of see invisible
 U - the amulet "Joen" (around neck) {Spirit rElec rPois MR- Str+5}
   (You acquired it on level 3 of the Depths)

   [amulet of guardian spirit]

   It causes incoming damage to be split between your health and magic.
   It affects your strength (+5).
   It insulates you from electricity.
   It protects you from poison.
   It affects your resistance to hostile enchantments.
Wands
 d - a wand of disintegration (37)
 h - a wand of iceblast (24)
 o - a wand of paralysis (13)
 u - a wand of flame (26)
 A - a wand of enslavement (27)
 D - a wand of digging (16)
 J - a wand of scattershot (10)
 L - a wand of clouds (4)
 T - a wand of acid (6)
Scrolls
 i - 15 scrolls of identify
 k - 3 scrolls of blinking {!r}
 q - 4 scrolls of fog
 r - a scroll of magic mapping {!r}
 t - 13 scrolls of teleportation
 w - 6 scrolls of fear
 x - 22 scrolls of remove curse
 H - 4 scrolls of silence
 Q - a scroll of vulnerability {!r!r}
 Z - a scroll of summoning
Potions
 c - 2 potions of invisibility
 g - 13 potions of might
 j - 5 potions of mutation {!q}
 l - 22 potions of curing
 m - 10 potions of ambrosia
 s - 7 potions of magic
 v - 11 potions of heal wounds
 O - a potion of haste
 Y - a potion of resistance
Miscellaneous
 y - a lamp of fire
 G - 4 sacks of spiders
 K - a lightning rod (4/4)
 W - 2 boxes of beasts
 X - a fan of gales (inert)
Comestibles
 e - 41 rations


   Skills:
 + Level 23.3 Fighting
 - Level 17.1(18.0) Axes
   Level 9.9(14.6) Polearms
 + Level 23.8 Armour
 - Level 20.0 Dodging
 + Level 23.3 Shields
 + Level 19.8 Evocations


You had 26 spell levels left.
You didn't know any spells.
Your spell library contained the following spells:

 Spells                   Type           Power        Failure   Level  Hunger
 Magic Dart               Conj           #...         97%         1    ##.....
 Sandblast                Erth           #.....       97%         1    ##.....
 Shock                    Conj/Air       #...         97%         1    ##.....
 Searing Ray              Conj           #.....       99%         2    ###....
 Confusing Touch          Hex            #.......     100%        3    ####...
 Dazzling Flash           Conj/Hex       #.....       100%        3    ####...
 Mephitic Cloud           Conj/Pois/Air  #.......     100%        3    ####...
 Spectral Weapon          Hex/Chrm       #.......     100%        3    ####...
 Static Discharge         Conj/Air       #.......     100%        3    ####...
 Summon Guardian Golem    Hex/Summ       #.......     100%        3    ####...
 Tukima's Dance           Hex            #.......     100%        3    ####...
 Fulminant Prism          Conj/Hex       #.........   100%        4    #####..
 Leda's Liquefaction      Hex/Erth       #.........   100%        4    #####..
 Petrify                  Tmut/Erth      #.......     100%        4    #####..
 Iskenderun's Battlesphe  Conj/Chrm      #.......     100%        5    ######.
 Lightning Bolt           Conj/Air       #.........   100%        5    ######.
 Deflect Missiles         Chrm/Air       #.........   100%        6    #######
 Starburst                Conj/Fire      #.........   100%        6    #######
 Statue Form              Tmut/Erth      #........    100%        6    #######
 Ring of Flames           Chrm/Fire      #.........   100%        7    #######
 Spellforged Servitor     Conj/Summ      #.........   100%        7    #######


Dungeon Overview and Level Annotations

Branches:
Dungeon (15/15)            Temple (0/1) D:4            Lair (6/6) D:9
  Swamp (4/4) Lair:2       Spider (4/4) Lair:2        Slime (0/5) Lair:5
    Orc (2/2) D:11            Elf (3/3) Orc:2        Vaults (5/5) D:14
  Crypt (3/3) Vaults:2       Tomb (0/3) Crypt:3      Depths (5/5) D:15
    Zot (5/5) Depths:5     WizLab (visited)         Gauntlet (visited)

Altars:
Ashenzari
Gozag
Hepliaklqana
Kikubaaqudgha
Nemelex Xobeh
Okawaru
Qazlal
Trog
Vehumet
Xom
Yredelemnul
The Shining One
Beogh

Shops:
D:4 !   D:10 *   Orc:2 [:[(=   Elf:1 ?   Elf:2 =   Vaults:2 *![!%   Vaults:3 [(
Depths:2 =}=[*[

Portals:
Hell: Depths:1 Depths:2 Depths:3 Depths:4 Depths:5
Abyss: Depths:4
Pandemonium: Depths:1 Depths:3

Annotations:
Swamp:1 Roxanne
Depths:3 20 exclusions
Zot:2 exclusions: 2 draconian stormcallers and 1 more exclusion
Zot:5 2 transporters, 2 exclusions, sammydre's ghost, legendary MiFi


Innate Abilities, Weirdness & Mutations

You have a beak for a mouth.
You have claws for feet.
You can fly continuously.
You have a pair of small horns on your head.
You are partially covered in thin metallic scales. (AC +2)


Message History

There is a stone staircase leading up here.
You fly upwards.
There is a stone staircase leading down here.
(D) Dungeon (T) Temple (L) Lair (S) Swamp (N) Spider Nest (M) Slime Pits (O) Orcish Mines (E) Elven Halls (V) Vaults (C) Crypt (W) Tomb (U) Depths (H) Hell (Z) Zot
Where to? (Enter - D:1 @ (x,y), ? - help)
A reaper comes into view. It is wielding a +1 scythe of venom.
(D) Dungeon (T) Temple (L) Lair (S) Swamp (N) Spider Nest (M) Slime Pits (O) Orcish Mines (E) Elven Halls (V) Vaults (C) Crypt (W) Tomb (U) Depths (H) Hell (Z) Zot
Where to? (Enter - D:1 @ (x,y), ? - help)
There is a stone staircase leading up here.
You fly upwards.
There is a stone staircase leading down here.
There is an open door here.
There is a staircase leading out of the dungeon here.
You have escaped!

#.#..............#
#.#.##...........#### #######
#)#.##.##..#####..... #.....#
#..#...##..# #.####
#.....#######.#####..# #.# #
###.......).....#####..# #.# #
#..................)...# #)# #
#.#.....################ #.####
..#########.....@.....######...>.
######.....................######
##...........###'###...........##
......##'###'##...##'###'##......
...#'##...#...#.>.#...#...##'#...
.###..#...#...#...#...#...#..###.
'##...#...##.#######.##...#...##'
..#...#...#### ####...#...#..
..#...#...# #ยง..#...#..

Skill      XL: |  1  2  3  4  5  6  7  8  9 10 11 12 13 14 15 16 17 18 19 20 21 22 23 24 25 26 27 |
---------------+----------------------------------------------------------------------------------+-----
Axes           | 4 5 6 7 8 10 11 12 14 15 17 | 17.1
Armour         | 4 5 6 8 10 11 13 15 16 17 18 19 20 21 23 | 23.8
Dodging        | 4 5 6 8 10 11 12 13 14 15 16 17 20 | 20.0
Fighting       | 4 5 6 7 10 11 12 15 16 17 18 20 21 23 | 23.3
Polearms       | 5 9 |  9.9
Evocations     | 2 5 6 7 9 10 11 12 13 14 15 16 19 | 19.8
Shields        | 1 11 15 16 17 18 19 20 21 23 | 23.3

Notes
Turn   | Place    | Note
-------+----------+-------------------------------------------
     0 | D:1      | hittemvvvvvhard the Tengu Berserker began the quest for the
                  | Orb.
     0 | D:1      | Reached XP level 1. HP: 14/14 MP: 2/2
   206 | D:1      | Reached skill level 4 in Axes
   206 | D:1      | Reached XP level 2. HP: 14/19 MP: 3/3
   918 | D:1      | Reached XP level 3. HP: 23/23 MP: 4/4
  1343 | D:2      | Found an opulent altar of Gozag.
  1355 | D:2      | Reached skill level 5 in Axes
  1589 | D:2      | Reached XP level 4. HP: 28/28 MP: 5/5
  1594 | D:2      | Reached ** piety under Trog
  1996 | D:3      | Found a runed translucent gate.
  1998 | D:3      | Found a runed translucent gate.
  1998 | D:3      | Found a runed translucent gate.
  1999 | D:3      | Noticed StormphoenixUK's ghost (amateur HOBe)
  2093 | D:3      | Reached skill level 6 in Axes
  2133 | D:3      | Gained mutation: You can fly continuously. [Tengu growth]
  2133 | D:3      | Reached XP level 5. HP: 32/32 MP: 6/6
  2359 | D:3      | Found an iron altar of Okawaru.
  2844 | D:4      | Reached skill level 7 in Axes
  2849 | D:4      | Reached XP level 6. HP: 32/37 MP: 7/7
  3635 | D:4      | Reached skill level 8 in Axes
  3644 | D:4      | Reached XP level 7. HP: 40/41 MP: 8/8
  3801 | D:4      | Found a staircase to the Ecumenical Temple.
  4032 | D:4      | Reached skill level 9 in Axes
  4075 | D:4      | Found Kigu Nes's Distillery.
  4078 | D:4      | Bought a potion of curing for 30 gold pieces
  4078 | D:4      | Bought a potion of curing for 30 gold pieces
  4078 | D:4      | Bought a potion of curing for 30 gold pieces
  4078 | D:4      | Bought a potion of heal wounds for 50 gold pieces
  4125 | D:5      | Entered Level 5 of the Dungeon
  4147 | D:5      | Reached *** piety under Trog
  4649 | D:5      | Reached skill level 10 in Axes
  4649 | D:5      | Reached XP level 8. HP: 43/46 MP: 9/9
  5247 | D:6      | Reached skill level 3 in Armour
  5257 | D:5      | Reached skill level 3 in Dodging
  5376 | D:6      | Reached skill level 4 in Fighting
  5476 | D:6      | Reached skill level 4 in Armour
  5476 | D:6      | Reached skill level 4 in Dodging
  5601 | D:6      | Reached XP level 9. HP: 45/52 MP: 10/10
  5865 | D:6      | Found an ancient bone altar of Kikubaaqudgha.
  5875 | D:6      | Reached **** piety under Trog
  5875 | D:6      | Reached skill level 5 in Fighting
  5875 | D:6      | Reached skill level 5 in Dodging
  6255 | D:7      | Reached skill level 11 in Axes
  6255 | D:7      | Reached skill level 5 in Armour
  6407 | D:7      | Reached skill level 2 in Polearms
  6612 | D:7      | Reached skill level 3 in Polearms
  6761 | D:7      | Reached skill level 4 in Polearms
  7060 | D:7      | Found a stormy altar of Qazlal.
  7103 | D:7      | Found a glowing golden altar of the Shining One.
  7226 | D:7      | Found a hazy altar of Hepliaklqana.
  7529 | D:7      | Reached skill level 5 in Polearms
  7618 | D:8      | Reached XP level 10. HP: 59/59 MP: 11/11
  7701 | D:8      | Noticed Pikel
  7721 | D:8      | Killed Pikel
  7721 | D:8      | Reached skill level 7 in Polearms
  7814 | D:8      | Noticed Harold
  7827 | D:8      | Killed Harold
  7827 | D:8      | Reached skill level 8 in Polearms
  8032 | D:8      | Reached skill level 9 in Polearms
  8332 | D:8      | Found a radiant altar of Vehumet.
  8543 | D:8      | Found a shattered altar of Ashenzari.
  8832 | D:9      | Reached skill level 1 in Evocations
  8843 | D:9      | Reached ***** piety under Trog
  8843 | D:9      | Received a gift from Trog
  8879 | D:9      | Found a staircase to the Lair.
  8964 | D:9      | Reached skill level 6 in Armour
  9094 | D:9      | Reached skill level 6 in Fighting
  9099 | D:9      | Reached skill level 2 in Evocations
  9113 | D:9      | Reached XP level 11. HP: 55/64 MP: 13/13
  9588 | D:9      | Reached skill level 3 in Evocations
  9722 | D:9      | Reached skill level 7 in Armour
  9933 | D:9      | Found a runed translucent gate.
  9934 | D:9      | Found a runed translucent gate.
  9934 | D:9      | Noticed StormphoenixUK's ghost (novice MiFi)
  9935 | D:9      | Found a runed translucent gate.
 10038 | D:10     | Entered Level 10 of the Dungeon
 10482 | D:10     | Found a shimmering altar of Xom.
 10482 | D:10     | Noticed a deep elf mage
 10483 | D:10     | Noticed a deep elf mage
 10487 | D:10     | Killed a deep elf mage
 10487 | D:10     | Reached skill level 7 in Fighting
 10488 | D:10     | Killed a deep elf mage
 10488 | D:10     | Reached skill level 4 in Evocations
 10551 | D:10     | Noticed Erolcha
 10584 | D:10     | Reached skill level 12 in Axes
 10803 | D:10     | Killed Erolcha
 11021 | D:10     | Found a runed translucent gate.
 11022 | D:10     | Found a runed translucent gate.
 11022 | D:10     | Found an opulent altar of Gozag.
 11022 | D:10     | Found a runed translucent gate.
 11022 | D:10     | Found Fuis Hud's Assorted Antiques.
 11022 | D:10     | Noticed an orc high priest
 11023 | D:10     | Noticed a six-headed hydra
 11023 | D:10     | Noticed VincentAMV's ghost (journeyman GrFi)
 11203 | D:10     | Received a gift from Trog
 11209 | D:10     | Reached skill level 8 in Armour
 11377 | D:10     | Reached skill level 5 in Evocations
 11413 | D:10     | HP: 25/102 [ogre/cursed -3 giant club (14)]
 11752 | D:10     | Noticed Erica
 11765 | D:10     | Killed Erica
 11765 | D:10     | Reached XP level 12. HP: 73/73 MP: 16/16
 11998 | Lair:1   | Entered Level 1 of the Lair of Beasts
 12003 | Lair:1   | Noticed a four-headed hydra
 12019 | Lair:1   | Killed a four-headed hydra
 12019 | Lair:1   | Reached skill level 8 in Fighting
 12223 | Lair:1   | Noticed Koecaec's ghost (novice DEAE)
 12226 | Lair:1   | Found a runed translucent door.
 12300 | Lair:1   | Noticed a five-headed hydra
 12306 | Lair:1   | Killed a five-headed hydra
 12308 | Lair:1   | Reached skill level 9 in Armour
 13285 | Lair:1   | HP: 18/75 [poisoned by a spiny frog]
 13290 | Lair:1   | HP: 12/75 [poisoned by a spiny frog]
 13295 | Lair:1   | HP: 9/75 [poisoned by a spiny frog]
 13300 | Lair:1   | HP: 8/75 [poisoned by a spiny frog]
 13307 | Lair:1   | HP: 8/75 [poisoned by a spiny frog]
 13631 | Lair:2   | Found a hole to the Spider Nest.
 13650 | Lair:2   | Reached skill level 13 in Axes
 13918 | Lair:2   | Reached skill level 9 in Fighting
 14240 | Lair:2   | Noticed Gastronok
 14254 | Lair:2   | Killed Gastronok
 14254 | Lair:2   | Reached skill level 10 in Armour
 14510 | Lair:2   | Found a staircase to the Swamp.
 14818 | Lair:2   | Reached skill level 10 in Fighting
 14819 | Lair:2   | Reached skill level 14 in Axes
 14819 | Lair:2   | Reached XP level 13. HP: 82/82 MP: 17/17
 15680 | Lair:3   | Found a gate leading to a gauntlet.
 15690 | Lair:3   | Reached skill level 15 in Axes
 15711 | Gauntlet | Entered a Gauntlet
 15711 | Gauntlet | Found a transporter.
 15711 | Gauntlet | Found a transporter.
 15740 | Gauntlet | Found a transporter.
 15744 | Gauntlet | Found a transporter.
 15757 | Gauntlet | Found a transporter.
 15758 | Gauntlet | Found a transporter.
 15766 | Gauntlet | Found a transporter.
 15779 | Gauntlet | Found a runed translucent door.
 15783 | Gauntlet | Found a transporter.
 15796 | Gauntlet | Found a transporter.
 15800 | Gauntlet | Found a transporter.
 15810 | Gauntlet | Found a transporter.
 15814 | Gauntlet | Found a transporter.
 17927 | Lair:5   | Found a staircase to the Slime Pits.
 18527 | Lair:5   | Reached skill level 6 in Dodging
 19084 | Lair:6   | Entered Level 6 of the Lair of Beasts
 19117 | Lair:5   | Received a gift from Trog
 19117 | Lair:5   | Reached skill level 6 in Evocations
 19393 | Lair:6   | Reached XP level 14. HP: 84/88 MP: 19/19
 19445 | Lair:6   | Noticed Nessos
 19701 | D:11     | Found a staircase to the Orcish Mines.
 19797 | D:11     | Reached skill level 16 in Axes
 20841 | D:12     | Received a gift from Trog
 21319 | D:12     | Reached skill level 11 in Armour
 21380 | D:12     | Reached skill level 7 in Dodging
 21846 | Orc:1    | Entered Level 1 of the Orcish Mines
 21881 | Orc:1    | Noticed Blork the orc
 21889 | Orc:1    | Killed Blork the orc
 22351 | Orc:2    | Entered Level 2 of the Orcish Mines
 22562 | Orc:2    | Noticed Jorgrun
 22650 | Orc:2    | Reached skill level 11 in Fighting
 22652 | Orc:2    | Killed Jorgrun
 22652 | Orc:2    | Reached skill level 7 in Evocations
 23016 | Orc:2    | Found Uvybowk's Armour Emporium.
 23131 | Orc:2    | Found a staircase to the Elven Halls.
 23199 | Orc:1    | Noticed a stone giant
 23201 | Orc:1    | HP: 17/90 [stone giant/large rock (41)]
 23462 | Orc:1    | Received a gift from Trog
 23474 | Orc:1    | Killed a stone giant
 23610 | Orc:1    | Found a runed translucent gate.
 23610 | Orc:1    | Found a runed translucent gate.
 23612 | Orc:1    | Found a runed translucent gate.
 23614 | Orc:1    | Noticed Rotter5's ghost (journeyman DrCj)
 23884 | Orc:2    | Found a roughly hewn altar of Beogh.
 23894 | Orc:2    | Found Leik's Armour Boutique.
 23894 | Orc:2    | Found Xily's Book Emporium.
 23962 | Orc:2    | Found Peosucipao's Weapon Boutique.
 23962 | Orc:2    | Found Imelaysu's Jewellery Emporium.
 24282 | Orc:2    | Bought a +0 cloak of poison resistance for 110 gold pieces
 24282 | Orc:2    | Bought a +2 plate armour of magic resistance for 520 gold
                  | pieces
 24338 | Orc:2    | Bought a +5 ring of protection for 715 gold pieces
 24609 | D:13     | Reached skill level 8 in Dodging
 24752 | D:13     | Received a gift from Trog
 24955 | Orc:2    | Bought a +0 tower shield for 58 gold pieces
 25208 | D:13     | Reached skill level 1 in Shields
 25343 | D:13     | Reached skill level 17 in Axes
 25343 | D:13     | Reached XP level 15. HP: 81/95 MP: 7/21
 25343 | D:13     | Reached skill level 2 in Shields
 25672 | D:13     | You are sucked into a shaft and drop 2 floors!
 25672 | D:15     | Entered Level 15 of the Dungeon
 25707 | D:15     | Reached skill level 3 in Shields
 25750 | D:14     | Reached skill level 4 in Shields
 26070 | D:14     | Reached skill level 5 in Shields
 26167 | D:14     | Reached skill level 6 in Shields
 26191 | D:14     | Received a gift from Trog
 26568 | D:14     | Reached skill level 7 in Shields
 26813 | D:14     | Found a gate to the Vaults.
 26957 | D:13     | Reached skill level 8 in Shields
 27885 | Swamp:1  | Entered Level 1 of the Swamp
 27910 | Lair:2   | Reached skill level 9 in Shields
 28540 | Swamp:1  | Identified Roxanne's Grimoire of the Mountains
 28540 | Swamp:1  | Noticed Roxanne
 28725 | Swamp:1  | Noticed a thorn hunter
 28728 | Swamp:1  | Reached skill level 10 in Shields
 28735 | Swamp:1  | Killed a thorn hunter
 28801 | Swamp:1  | Noticed Nikola
 29038 | Lair:6   | Reached skill level 11 in Shields
 29038 | Lair:6   | Reached XP level 16. HP: 78/100 MP: 7/22
 29097 | Lair:6   | Killed Nessos
 29447 | Lair:6   | Received a gift from Trog
 29450 | Lair:6   | Got a faintly glowing spear {god gift}
 29744 | Lair:6   | Reached skill level 12 in Shields
 30473 | Spider:1 | Entered Level 1 of the Spider Nest
 31513 | Spider:1 | Reached skill level 13 in Shields
 32411 | Orc:2    | Bought an uncursed amulet of faith for 520 gold pieces
 32579 | Spider:1 | Received a gift from Trog
 33428 | Spider:2 | Reached skill level 14 in Shields
 34211 | Spider:3 | Got an encrusted chain mail
 34227 | Spider:3 | Identified the +10 chain mail of Semixing {rF- Regen+
                  | Dex+4} (You found it on level 3 of the Spider Nest)
 34359 | Spider:3 | Got a scorched scale mail
 34370 | Spider:3 | Identified the +2 scale mail of Reason {Dex+3} (You found
                  | it on level 3 of the Spider Nest)
 34901 | Spider:4 | Entered Level 4 of the Spider Nest
 34911 | Spider:4 | Received a gift from Trog
 34975 | Spider:4 | Reached skill level 15 in Shields
 35064 | Spider:4 | Reached XP level 17. HP: 91/104 MP: 7/23
 35067 | Spider:4 | Noticed an entropy weaver
 35080 | Spider:4 | Killed an entropy weaver
 35116 | Spider:4 | Reached skill level 8 in Evocations
 35449 | Spider:4 | Reached skill level 12 in Armour
 35528 | Spider:4 | Reached skill level 9 in Dodging
 35541 | Spider:4 | Received a gift from Trog
 35543 | Spider:4 | Reached skill level 12 in Fighting
 35715 | Spider:4 | Got a gossamer rune of Zot
 35796 | Spider:4 | Reached skill level 9 in Evocations
 36175 | Spider:4 | Found a runed translucent door.
 36179 | Spider:4 | Noticed buskinjo's ghost (adept MiFi)
 36201 | Spider:4 | Killed buskinjo's ghost
 36206 | Spider:4 | Got a slimy broad axe
 36207 | Spider:4 | Identified the +7 broad axe "Arbiter" {drain, +Rage rPois
                  | Dex-3} (You found it on level 4 of the Spider Nest)
 36213 | Spider:4 | Got an ichor-stained mace
 36496 | D:3      | Killed StormphoenixUK's ghost
 36698 | D:9      | Killed StormphoenixUK's ghost
 36988 | D:10     | Killed VincentAMV's ghost
 37065 | D:10     | Bought a potion of heal wounds for 155 gold pieces
 37065 | D:10     | Bought a crude golden amulet for 155 gold pieces
 37065 | D:10     | Identified the amulet "Wiexkavy" {RegenMP Str+2} (You
                  | bought it in a shop on level 10 of the Dungeon)
 37304 | Orc:1    | Killed Rotter5's ghost
 37420 | Elf:1    | Entered Level 1 of the Elven Halls
 37420 | Elf:1    | Found Ciazimif's Magic Scroll Shoppe.
 37435 | Elf:1    | Bought a scroll of summoning for 152 gold pieces
 37435 | Elf:1    | Bought a scroll of fear for 56 gold pieces
 37527 | Elf:1    | Got a bloodstained mace
 37574 | Elf:1    | Received a gift from Trog
 37725 | Elf:1    | Reached skill level 10 in Dodging
 37965 | Elf:1    | Identified the Grimoire of Conjuration
 37985 | Elf:1    | Reached skill level 13 in Armour
 38081 | Elf:1    | Reached XP level 18. HP: 107/113 MP: 8/26
 38247 | Elf:1    | Reached skill level 10 in Evocations
 38489 | Elf:2    | Received a gift from Trog
 38574 | Elf:2    | Reached skill level 13 in Fighting
 38600 | Elf:2    | Found Gariagod's Jewellery Shop.
 38850 | Elf:2    | Found a huge runed translucent gate.
 38853 | Elf:2    | Found a huge runed translucent gate.
 38853 | Elf:2    | Found a huge runed translucent gate.
 38854 | Elf:2    | Found a huge runed translucent gate.
 38855 | Elf:2    | Found a huge runed translucent gate.
 39162 | Elf:2    | Noticed a deep elf blademaster
 39176 | Elf:2    | Killed a deep elf blademaster
 39245 | Elf:2    | Reached skill level 14 in Armour
 39476 | Elf:2    | Received a gift from Trog
 39784 | Elf:3    | Entered Level 3 of the Elven Halls
 40015 | Elf:3    | Reached skill level 14 in Fighting
 40025 | Elf:3    | HP: 28/116 [burnt (6)]
 40302 | Elf:3    | Noticed a deep elf demonologist
 40309 | Elf:3    | Killed a deep elf demonologist
 40482 | Elf:3    | Noticed a deep elf demonologist
 40503 | Elf:3    | Noticed an Ice Fiend
 40508 | Elf:3    | Killed a deep elf demonologist
 40518 | Elf:3    | Received a gift from Trog
 40761 | Elf:3    | Reached skill level 15 in Armour
 40767 | Elf:3    | Noticed a deep elf master archer
 40772 | Elf:3    | Killed a deep elf master archer
 40891 | Elf:3    | Noticed a deep elf master archer
 40916 | Elf:3    | Killed a deep elf master archer
 40993 | Elf:3    | Noticed a deep elf sorcerer
 41000 | Elf:3    | Killed a deep elf sorcerer
 41168 | Elf:3    | Reached skill level 15 in Fighting
 41217 | Elf:3    | Noticed a deep elf sorcerer
 41225 | Elf:3    | Killed a deep elf sorcerer
 41225 | Elf:3    | Reached XP level 19. HP: 97/124 MP: 9/27
 41341 | Elf:3    | Identified the +7 trident "Ikenuumi" {flame, Dex+7}
 41356 | Elf:3    | HP: 43/186 [deep elf death mage/vampiric draining (38)]
 41429 | Elf:3    | Noticed a deep elf sorcerer
 41450 | Elf:3    | Killed a deep elf sorcerer
 41521 | Elf:3    | Noticed a deep elf sorcerer
 41540 | Elf:3    | Killed a deep elf sorcerer
 41565 | Elf:3    | Received a gift from Trog
 41807 | Elf:3    | Identified Memuc's Almanac of Beguiling
 41844 | Elf:3    | Identified the Volume of Attacks
 41852 | Elf:3    | Got a warped tin ring
 41854 | Elf:3    | Identified the ring of Utzuaz {rC+ Int+3} (You found it on
                  | level 3 of the Elven Halls)
 41881 | Elf:3    | Got an ancient hand crossbow
 42440 | Vaults:1 | Entered Level 1 of the Vaults
 42553 | Vaults:1 | Noticed a deep elf demonologist
 42553 | Vaults:1 | Noticed a deep elf demonologist
 42559 | Vaults:1 | Noticed a Hell Sentinel
 42560 | Vaults:1 | Killed a deep elf demonologist
 42566 | Vaults:1 | Killed a deep elf demonologist
 42681 | Vaults:1 | Noticed a deep elf sorcerer
 42689 | Vaults:1 | Killed a deep elf sorcerer
 42839 | Vaults:1 | Reached skill level 11 in Dodging
 43318 | Vaults:1 | Reached skill level 11 in Evocations
 43381 | Vaults:1 | Received a gift from Trog
 43708 | Vaults:2 | Found Laeblen's Distillery.
 43719 | Vaults:2 | Bought a potion of curing for 33 gold pieces
 43719 | Vaults:2 | Bought a potion of might for 44 gold pieces
 43719 | Vaults:2 | Bought a potion of heal wounds for 55 gold pieces
 43719 | Vaults:2 | Bought a potion of heal wounds for 55 gold pieces
 43719 | Vaults:2 | Bought a potion of might for 44 gold pieces
 43719 | Vaults:2 | Bought 2 potions of curing for 66 gold pieces
 43719 | Vaults:2 | Bought 2 potions of ambrosia for 176 gold pieces
 43719 | Vaults:2 | Bought 2 potions of mutation for 176 gold pieces
 43890 | Vaults:2 | Found a staircase to the Crypt.
 43890 | Vaults:2 | Found an ancient bone altar of Kikubaaqudgha.
 43891 | Vaults:2 | Found a basalt altar of Yredelemnul.
 43985 | Vaults:2 | Found Tigylu's General Store.
 43988 | Vaults:2 | Found Xyrem's Distillery.
 44020 | Vaults:2 | Bought a wand of iceblast (9) for 169 gold pieces
 44022 | Vaults:2 | Bought a potion of invisibility for 152 gold pieces
 44121 | Vaults:2 | Found Zaeratz Pahu's Antique Armour Shoppe.
 44198 | Vaults:2 | Reached XP level 20. HP: 131/131 MP: 29/29
 44744 | Vaults:2 | Found Otamehu's Food Emporium.
 44902 | Vaults:3 | Reached skill level 16 in Armour
 44923 | Vaults:3 | Received a gift from Trog
 45078 | Vaults:3 | Found a magical portal.
 45167 | WizLab   | HP: 32/131 [soul eater (4)]
 45402 | Vaults:3 | Reached skill level 16 in Fighting
 45404 | Vaults:3 | Reached skill level 16 in Shields
 45440 | Vaults:3 | Reached skill level 12 in Dodging
 45626 | Vaults:3 | Found Poumuo's Armour Shop.
 45626 | Vaults:3 | Noticed Mennas
 45658 | Vaults:3 | Killed Mennas
 45658 | Vaults:3 | Reached skill level 12 in Evocations
 45661 | Vaults:3 | Received a gift from Trog
 45775 | Vaults:3 | Bought a +0 tower shield of reflection for 119 gold pieces
 45984 | Vaults:3 | Found Ecemacla's Weapon Emporium.
 46329 | Vaults:3 | Received a gift from Trog
 46712 | Vaults:4 | Reached XP level 21. HP: 137/137 MP: 31/31
 47116 | Vaults:4 | Received a gift from Trog
 47178 | Vaults:4 | Reached skill level 13 in Dodging
 47422 | Vaults:4 | Reached skill level 17 in Armour
 47782 | Vaults:4 | Received a gift from Trog
 47949 | Vaults:4 | Reached skill level 13 in Evocations
 48594 | D:14     | Upgraded the game from 0.25-a0-647-gd602d06ee1 to
                  | 0.25-a0-657-ge95d391c20
 48691 | Crypt:1  | Entered Level 1 of the Crypt
 48743 | Crypt:1  | Received a gift from Trog
 48774 | Crypt:1  | You fall into a shaft and drop 1 floor!
 48978 | Crypt:2  | Reached skill level 17 in Fighting
 49184 | Crypt:1  | Reached skill level 17 in Shields
 49434 | Crypt:1  | Received a gift from Trog
 49751 | Crypt:1  | Reached XP level 22. HP: 141/144 MP: 33/33
 49903 | Crypt:1  | Noticed Bai Suzhen
 49923 | Crypt:1  | Killed Bai Suzhen
 50129 | Crypt:2  | Noticed a lich
 50138 | Crypt:2  | Killed a lich
 50220 | Crypt:2  | Reached skill level 14 in Dodging
 50262 | Crypt:2  | Noticed Margery
 50268 | Crypt:2  | Killed Margery
 50795 | Crypt:3  | Entered Level 3 of the Crypt
 50943 | Crypt:3  | Received a gift from Trog
 50947 | Crypt:3  | Found a basalt altar of Yredelemnul.
 51128 | Crypt:3  | Received a gift from Trog
 51401 | Crypt:3  | Reached skill level 18 in Armour
 51432 | Crypt:3  | Reached skill level 14 in Evocations
 51672 | Crypt:3  | Identified the +5 morningstar "Xatod" {venom, Fragile
                  | Str+4} (You found it on level 3 of the Crypt)
 51745 | Crypt:3  | Noticed Jory
 51763 | Crypt:3  | Killed Jory
 51870 | Crypt:3  | HP: 44/217 [flayed ghost/flay_damage (23)]
 52037 | Crypt:3  | Got a brightly glowing dagger
 52038 | Crypt:3  | Identified the +4 dagger "Oreant" {pain, Dex+5} (You found
                  | it on level 3 of the Crypt)
 52053 | Crypt:3  | Identified Nuekhets's Incunabulum of Dusty Protection
 52087 | Crypt:3  | Found a staircase to the Tomb.
 52125 | Crypt:3  | Noticed a lich
 52154 | Crypt:3  | Killed a lich
 52166 | Crypt:3  | Noticed a profane servitor
 52182 | Crypt:3  | Killed a profane servitor
 52182 | Crypt:3  | Received a gift from Trog
 52182 | Crypt:3  | Reached XP level 23. HP: 151/151 MP: 34/34
 52303 | Crypt:3  | Identified the +4 flail "Heiphutt" {vorpal, *Noise rPois
                  | Str+4 Int+5} (You found it on level 3 of the Crypt)
 52854 | Swamp:1  | Killed Nikola
 52905 | Swamp:1  | Noticed Kirke
 52918 | Swamp:1  | Killed Kirke
 53495 | Swamp:2  | Reached skill level 15 in Dodging
 53498 | Swamp:2  | Noticed Frances
 53511 | Swamp:2  | Killed Frances
 54075 | Swamp:2  | Reached skill level 18 in Fighting
 54363 | Swamp:3  | Received a gift from Trog
 54564 | Swamp:3  | Got an ancient rapier
 54565 | Swamp:3  | Identified the +8 rapier of Ciux {vorpal, +Blink rElec MR-}
                  | (You found it on level 3 of the Swamp)
 54579 | Swamp:3  | Reached skill level 18 in Shields
 54974 | Swamp:4  | Entered Level 4 of the Swamp
 55135 | Swamp:4  | Received a gift from Trog
 55138 | Swamp:4  | Got a fine war axe {god gift}
 56833 | Swamp:4  | Got a decaying rune of Zot
 57106 | Elf:1    | Bought a scroll of fog for 32 gold pieces
 57336 | Vaults:2 | Bought a potion of heal wounds for 95 gold pieces
 57336 | Vaults:2 | Bought a potion of curing for 57 gold pieces
 57514 | D:15     | Received a gift from Trog
 57733 | D:15     | Found a staircase to the Depths.
 58143 | Crypt:2  | hittemvvvvvhard: 39/22, rF+/-
 58471 | Elf:2    | Bought a +6 ring of evasion for 1326 gold pieces
 58476 | Elf:2    | hittemvvvvvhard: 35/25, rF+
 58638 | Depths:1 | Entered Level 1 of the Depths
 58811 | Depths:1 | Found a sparkling altar of Nemelex Xobeh.
 58995 | Depths:1 | Reached skill level 15 in Evocations
 59139 | Depths:1 | Found a gateway to Hell.
 59283 | Depths:1 | Received a gift from Trog
 59490 | Depths:1 | Reached skill level 19 in Armour
 59805 | Depths:1 | Found a one-way gate leading to the halls of Pandemonium.
 60263 | Depths:2 | Received a gift from Trog
 60263 | Depths:2 | Reached XP level 24. HP: 130/158 MP: 35/35
 60497 | Depths:2 | Found Gozag's Assorted Antiques.
 60526 | Depths:2 | Found an opulent altar of Gozag.
 60530 | Depths:2 | Noticed Aizul
 60532 | Depths:2 | Found Gozag's Antique Armour Shop.
 60546 | Depths:2 | Killed Aizul
 60551 | Depths:2 | Found Gozag's Antique Armour Boutique.
 60557 | Depths:2 | You are sucked into a shaft and drop 1 floor!
 60593 | Depths:2 | Found an iron altar of Okawaru.
 60903 | Depths:2 | Found Lugaiq's Jewellery Shoppe.
 60904 | Depths:2 | Found Wafe Xokk's Gadget Shop.
 60906 | Depths:2 | Found Qyun's Jewellery Shoppe.
 61329 | Depths:2 | Reached skill level 19 in Fighting
 61466 | Depths:3 | Reached skill level 19 in Shields
 61477 | Depths:3 | Received a gift from Trog
 62016 | Depths:3 | Identified a scroll of acquirement
 62232 | Depths:3 | Identified the amulet "Joen" {Spirit rElec rPois MR- Str+5}
                  | (You acquired it on level 3 of the Depths)
 62409 | Depths:3 | Paralysed by a floating eye for 2 turns
 62414 | Depths:3 | Paralysed by a floating eye for 2 turns
 62419 | Depths:3 | Paralysed by a floating eye for 4 turns
 62427 | Depths:3 | Paralysed by a floating eye for 2 turns
 62878 | Depths:3 | Noticed a caustic shrike
 62892 | Depths:3 | Noticed a caustic shrike
 62908 | Depths:3 | Killed a caustic shrike
 62910 | Depths:3 | Killed a caustic shrike
 62910 | Depths:3 | Reached skill level 20 in Armour
 62910 | Depths:3 | Noticed a caustic shrike
 63099 | Depths:3 | Killed a caustic shrike
 63545 | Depths:3 | Noticed a juggernaut
 63559 | Depths:3 | Killed a juggernaut
 63559 | Depths:3 | Reached skill level 20 in Fighting
 63559 | Depths:3 | Reached XP level 25. HP: 167/167 MP: 35/35
 63615 | Depths:3 | Noticed a caustic shrike
 63630 | Depths:3 | Killed a caustic shrike
 63630 | Depths:3 | Reached skill level 20 in Shields
 63750 | Depths:3 | Noticed a caustic shrike
 63917 | Depths:3 | Noticed a caustic shrike
 63932 | Depths:3 | Killed a caustic shrike
 64159 | Depths:3 | Noticed a lich
 64169 | Depths:3 | Killed a lich
 64208 | Depths:3 | Received a gift from Trog
 64225 | Depths:3 | Killed a caustic shrike
 64318 | Depths:3 | Noticed a lich
 64324 | Depths:3 | Killed a lich
 65215 | Depths:4 | Received a gift from Trog
 65748 | Depths:4 | Noticed a lich
 65768 | Depths:4 | Killed a lich
 65902 | Depths:4 | Found a runed translucent gate.
 65902 | Depths:4 | Found a runed translucent gate.
 65902 | Depths:4 | Found a runed translucent gate.
 65903 | Depths:4 | Noticed a lich
 65904 | Depths:4 | Found a one-way gate to the infinite horrors of the Abyss.
 66739 | Depths:4 | Reached skill level 16 in Dodging
 66917 | Depths:4 | Reached XP level 26. HP: 163/175 MP: 33/35
 67047 | Depths:4 | Found a runed translucent gate.
 67047 | Depths:4 | Found a runed translucent gate.
 67047 | Depths:4 | Found a runed translucent gate.
 67469 | Depths:4 | Received a gift from Trog
 67476 | Depths:4 | Killed a lich
 67476 | Depths:4 | Reached skill level 16 in Evocations
 67568 | Depths:4 | Identified the +2 chain mail "Delyt" {rF+++ rN++ MP-9} (You
                  | found it on level 4 of the Depths)
 67687 | Depths:5 | Entered Level 5 of the Depths
 67856 | Depths:5 | Noticed Sojobo
 67876 | Depths:5 | HP: 38/176 [tengu reaver/bolt of acid[Sojobo] (8)]
 67893 | Depths:5 | HP: 38/176 [tengu reaver/bolt of poison[Sojobo] (9)]
 67898 | Depths:5 | HP: 33/176 [poisoned by a tengu reaver (blast of poison)]
 67903 | Depths:5 | HP: 31/176 [poisoned by a tengu reaver (blast of poison)]
 67909 | Depths:5 | HP: 29/176 [poisoned by a tengu reaver (blast of poison)]
 67914 | Depths:4 | HP: 29/176 [poisoned by a tengu reaver (blast of poison)]
 67921 | Depths:4 | HP: 30/176 [poisoned by a tengu reaver (blast of poison)]
 67929 | Depths:4 | HP: 31/176 [poisoned by a tengu reaver (blast of poison)]
 68806 | Depths:5 | Killed Sojobo
 68806 | Depths:5 | Reached skill level 21 in Armour
 69243 | Depths:5 | Noticed a caustic shrike
 69243 | Depths:5 | Noticed a caustic shrike
 69257 | Depths:5 | Killed a caustic shrike
 69263 | Depths:5 | Killed a caustic shrike
 69263 | Depths:5 | Reached skill level 21 in Shields
 69432 | Depths:5 | Received a gift from Trog
 69442 | Depths:5 | Noticed a juggernaut
 69450 | Depths:5 | Killed a juggernaut
 69450 | Depths:5 | Reached skill level 21 in Fighting
 69613 | Depths:5 | Found a gate to the Realm of Zot.
 69998 | Depths:5 | Noticed a caustic shrike
 70009 | Depths:5 | Killed a caustic shrike
 70451 | Lair:1   | Killed Koecaec's ghost
 70726 | Depths:2 | Bought a sack of spiders for 240 gold pieces
 70726 | Depths:2 | Bought a sack of spiders for 240 gold pieces
 70980 | Vaults:5 | Entered Level 5 of the Vaults
 70994 | Vaults:5 | Reached skill level 17 in Dodging
 71052 | Vaults:5 | Noticed a deep elf demonologist
 71060 | Vaults:5 | Killed a deep elf demonologist
 71232 | Vaults:5 | Reached XP level 27. HP: 182/182 MP: 36/36
 71541 | Vaults:5 | Identified the +1 leather armour of the Circus Animal
                  | {+Blink +Inv rElec Str+3}
 71621 | Vaults:5 | Identified the +3 broad axe "Kaips" {protect, rN+ Int+2}
                  | (You found it on level 5 of the Vaults)
 71678 | Vaults:5 | Reached skill level 17 in Evocations
 71685 | Vaults:5 | Received a gift from Trog
 71909 | Vaults:5 | Noticed an ancient lich
 71922 | Vaults:5 | Killed an ancient lich
 72395 | Vaults:5 | Noticed a deep elf sorcerer
 72408 | Vaults:5 | Killed a deep elf sorcerer
 72669 | Vaults:5 | Identified the +5 great mace of Hatred {vorpal, *Drain MR+
                  | Dex+4}
 72966 | Vaults:5 | Noticed an ancient lich
 72974 | Vaults:5 | Killed an ancient lich
 73135 | Vaults:5 | Reached skill level 22 in Armour
 73175 | Vaults:5 | Identified Sif Muna's Tome of Weightlessness and the Rocks
 73178 | Vaults:5 | Got a silver rune of Zot
 73180 | Vaults:5 | Identified the cursed +0 kite shield of Lugonu {rC- Str+4
                  | Stlth+} (You found it on level 5 of the Vaults)
 73229 | Vaults:5 | Reached skill level 18 in Dodging
 73372 | Vaults:5 | Received a gift from Trog
 74222 | Orc:2    | Bought the amulet of the Four Winds {rN+ MR+++ Clar} for
                  | 570 gold pieces
 74222 | Orc:2    | Found the amulet of the Four Winds {rN+ MR+++ Clar}
 74547 | Depths:2 | Bought a potion of haste for 1000 gold pieces
 74632 | Zot:1    | Entered Level 1 of the Realm of Zot
 74719 | Zot:2    | Noticed an orb of fire
 74720 | Zot:2    | Gained mutation: You are clumsy. (Dex -2) [an orb of fire]
 75081 | Zot:1    | Killed an orb of fire
 76019 | Zot:2    | Reached skill level 22 in Shields
 76517 | Zot:2    | Reached skill level 22 in Fighting
 76543 | Zot:1    | Reached skill level 18 in Evocations
 76655 | Zot:2    | Identified the +8 chain mail "Zeucolea" {MR- Str+5 Int+5}
                  | (You found it on level 2 of the Realm of Zot)
 76871 | Zot:3    | Received a gift from Trog
 77568 | Zot:4    | Noticed a curse toe
 77569 | Zot:4    | Noticed an orb of fire
 77623 | Zot:3    | Got a faintly glowing hunting sling
 82100 | Zot:3    | Killed a curse toe
 82103 | Zot:3    | Reached skill level 19 in Dodging
 82515 | Zot:4    | Gained mutation: Your magical capacity is low. (-10% MP)
                  | [an orb of fire]
 82519 | Zot:3    | Killed an orb of fire
 83009 | Zot:4    | Received a gift from Trog
 83292 | Zot:4    | Noticed a curse toe
 83566 | Zot:4    | Killed a curse toe
 83752 | Zot:5    | Entered Level 5 of the Realm of Zot
 83911 | Zot:5    | Reached skill level 23 in Armour
 84010 | Zot:5    | Identified the +1 battleaxe "Lysuhupac" {elec, +Rage rPois
                  | Int-5 Dex+2}
 84024 | Zot:5    | Found a transporter.
 84026 | Zot:5    | Noticed sammydre's ghost (legendary MiFi)
 84027 | Zot:5    | Found a bloodstained altar of Trog.
 84027 | Zot:5    | Identified the +4 cloak "Yjerof" {+Inv rCorr Int+3}
 84027 | Zot:5    | Identified the +4 cloak of the Barnacle {rPois Str+2}
 84036 | Zot:5    | Identified the +9 great sword of the Pyrrhic Victory {vamp,
                  | rElec rF+ MR+ Stlth+}
 84036 | Zot:5    | Identified the +4 great sword "Ilanasots" {distort, Str+5
                  | Dex+3}
 84036 | Zot:5    | Identified the amulet of Tipheup {Spirit Dex+7}
 84788 | Zot:5    | Noticed an orb of fire
 84798 | Zot:5    | Noticed an orb of fire
 84803 | Zot:5    | --nice
 85105 | Zot:5    | Noticed a curse toe
 85533 | Zot:5    | Killed a curse toe
 85533 | Zot:5    | Reached skill level 19 in Evocations
 85658 | Zot:5    | Found a transporter.
 86116 | Zot:5    | Received a gift from Trog
 86236 | Zot:5    | Gained mutation: You are dopey. (Int -2) [an orb of fire]
 86243 | Zot:5    | Gained mutation: Scrolls take you a little longer to read.
                  | [an orb of fire]
 86247 | Zot:5    | Killed an orb of fire
 86250 | Zot:5    | Lost mutation: Scrolls take you a little longer to read.
                  | [potion of mutation]
 86250 | Zot:5    | Lost mutation: You are dopey. (Int -2) [potion of mutation]
 86250 | Zot:5    | Lost mutation: Your magical capacity is low. (-10% MP)
                  | [potion of mutation]
 86250 | Zot:5    | Gained mutation: You are partially covered in iridescent
                  | scales. (AC +2) [potion of mutation]
 86250 | Zot:5    | Gained mutation: You passively map a small area around you.
                  | [potion of mutation]
 86250 | Zot:5    | Gained mutation: You are somewhat resistant to further
                  | mutation. [potion of mutation]
 86587 | Zot:5    | Noticed an ancient lich
 86603 | Zot:5    | Killed an ancient lich
 86802 | Zot:5    | Reached skill level 23 in Shields
 87119 | Zot:5    | Killed an orb of fire
 87188 | Zot:5    | Noticed a juggernaut
 87188 | Zot:5    | a Killer Klown changed into a juggernaut
 87194 | Zot:5    | Killed a juggernaut
 87194 | Zot:5    | Reached skill level 23 in Fighting
 87194 | Zot:5    | Reached skill level 20 in Dodging
 87442 | Zot:5    | Noticed an orb of fire
 87463 | Zot:5    | Gained mutation: You are frail. (-10% HP) [an orb of fire]
 87467 | Zot:5    | Killed an orb of fire
 87519 | Zot:5    | Lost mutation: You are clumsy. (Dex -2) [potion of
                  | mutation]
 87519 | Zot:5    | Lost mutation: You are partially covered in iridescent
                  | scales. (AC +2) [potion of mutation]
 87519 | Zot:5    | Lost mutation: You passively map a small area around you.
                  | [potion of mutation]
 87520 | Zot:5    | Lost mutation: You are frail. (-10% HP) [potion of
                  | mutation]
 87520 | Zot:5    | Lost mutation: You are somewhat resistant to further
                  | mutation. [potion of mutation]
 87520 | Zot:5    | Gained mutation: You have a pair of small horns on your
                  | head. [potion of mutation]
 87520 | Zot:5    | Gained mutation: You are partially covered in thin metallic
                  | scales. (AC +2) [potion of mutation]
 90443 | Zot:5    | Got the Orb of Zot
 90449 | Zot:5    | Noticed a Tzitzimitl
 90970 | D:$      | Escaped with the Orb!

Table legend:
 A = Turns spent in this place as a percentage of turns spent in the entire game.
 B = Non-inter-level travel turns spent in this place as a percentage of non-inter-level travel turns spent in the entire game.
 C = Inter-level travel turns spent in this place as a percentage of turns spent in this place.
 D = Turns resting spent in this place as a percentage of non-inter-level travel turns spent in this place.
 E = Turns spent auto-exploring this place as a percentage of non-inter-level travel turns spent in this place.
 F = Non-inter-level travel turns spent in this place divided by the number of levels of this place that you've seen.
                   A       B       C       D       E      F
               +-------+-------+-------+-------+-------+----------------------
         Total | 100.0 | 100.0 |   9.6 |  25.7 |  52.9 | 1523.0
       Dungeon |  23.2 |  21.1 |  17.5 |  13.3 |  68.1 | 1158.1
          Lair |  11.2 |  11.6 |   6.6 |  10.8 |  74.4 | 1592.5
         Swamp |   5.5 |   5.7 |   6.2 |  26.1 |  53.0 | 1170.8
   Spider Nest |   4.8 |   5.2 |   3.9 |  11.4 |  63.3 | 1059.0
  Orcish Mines |   3.6 |   3.0 |  23.4 |  26.6 |  48.3 | 1238.5
   Elven Halls |   5.5 |   5.6 |   7.4 |  14.9 |  58.7 | 1533.7
        Vaults |  10.8 |  10.4 |  12.6 |   9.2 |  62.5 | 1716.8
         Crypt |   4.3 |   4.4 |   6.8 |  10.4 |  52.3 | 1203.0
        Depths |  14.0 |  14.5 |   6.4 |  20.6 |  56.7 | 2386.6
           Zot |  16.9 |  18.1 |   2.9 |  74.5 |   8.6 | 2982.2
        Wizlab |   0.1 |   0.1 |   0.0 |   7.8 |   5.2 |  77.0
      Gauntlet |   0.2 |   0.2 |   0.0 |   0.0 |  83.9 | 205.0
               +-------+-------+-------+-------+-------+----------------------

Table legend:
 A = Kills in this place as a percentage of kills in entire the game.
 B = Kills by you in this place as a percentage of kills by you in the entire game.
 C = Kills by friends in this place as a percentage of kills by friends in the entire game.
 D = Other kills in this place as a percentage of other kills in the entire game.
 E = Experience gained in this place as a percentage of experience gained in the entire game.
 F = Experience gained in this place divided by the number of levels of this place that you have seen.
                   A       B       C       D       E      F
               +-------+-------+-------+-------+-------+----------------------
         Total | 100.0 | 100.0 | 100.0 | 100.0 | 100.0 | 33805.3
       Dungeon |  19.5 |  19.7 |  15.4 |   5.3 |   4.3 | 5223.9
          Lair |   8.8 |   8.6 |  25.6 |   0.0 |   3.4 | 10319.5
         Swamp |   5.9 |   5.9 |   7.7 |   0.0 |   3.5 | 16113.5
   Spider Nest |   6.4 |   6.3 |   7.7 |   5.3 |   4.0 | 18150.0
  Orcish Mines |   4.9 |   5.0 |   0.0 |   5.3 |   1.1 | 10294.0
   Elven Halls |   5.7 |   5.8 |   0.0 |   0.0 |   6.7 | 40636.7
        Vaults |  17.0 |  16.8 |  17.9 |  52.6 |  21.3 | 77695.6
         Crypt |   8.0 |   8.0 |  10.3 |   0.0 |   8.3 | 50738.7
        Depths |  16.5 |  16.6 |   7.7 |  21.1 |  25.1 | 91515.2
           Zot |   7.1 |   7.1 |   7.7 |  10.5 |  22.2 | 81018.6
        Wizlab |   0.2 |   0.2 |   0.0 |   0.0 |   0.1 | 2294.0
               +-------+-------+-------+-------+-------+----------------------

Action                   |  1- 3 |  4- 6 |  7- 9 | 10-12 | 13-15 | 16-18 | 19-21 | 22-24 | 25-27 || total
-------------------------+-------+-------+-------+-------+-------+-------+-------+-------+-------++-------
Melee: Hand axe          |    82 |   125 |   230 |       |       |       |       |       |       ||   437
       Kick              |    24 |    46 |    96 |   148 |   376 |   464 |   526 |   726 |  1195 ||  3601
       Peck              |    12 |    31 |    48 |    76 |   222 |   282 |   353 |   479 |   719 ||  2222
       Halberd           |       |       |    66 |    71 |       |       |       |       |       ||   137
       Battleaxe         |       |       |       |   376 |   619 |       |       |       |       ||   995
       Broad axe         |       |       |       |       |   378 |  1119 |  1174 |  1562 |  2376 ||  6609
       Scimitar          |       |       |       |       |       |     3 |       |       |       ||     3
       Headbutt          |       |       |       |       |       |       |       |       |    29 ||    29
Throw: Stone             |     6 |    12 |    14 |    32 |    23 |       |       |       |       ||    87
       Javelin           |       |       |       |       |    53 |    73 |     2 |       |       ||   128
       Boomerang         |       |       |       |       |    22 |    13 |       |       |       ||    35
Invok: Berserk           |     4 |     4 |    13 |    19 |    23 |    19 |    16 |    18 |    27 ||   143
       Trog's Hand       |       |     2 |     6 |     7 |    17 |     6 |    25 |    19 |    27 ||   109
       Brothers in Arms  |       |       |       |     2 |     5 |     1 |     2 |     7 |     1 ||    18
 Abil: Fly               |       |       |     1 |       |       |       |       |     1 |     4 ||     6
       Stop Flying       |       |       |       |       |       |       |     1 |       |     4 ||     5
       Evoke Invisibilit |       |       |       |       |       |       |       |     4 |    25 ||    29
Evoke: Wand              |       |       |       |     5 |    13 |    27 |     6 |     2 |    32 ||    85
       Lamp of fire      |       |       |       |       |     1 |     2 |     4 |     5 |     2 ||    14
       Box of beasts     |       |       |       |       |     1 |       |       |     1 |     1 ||     3
       Tin of tremorston |       |       |       |       |       |       |     1 |     1 |       ||     2
       Sack of spiders   |       |       |       |       |       |       |       |     1 |     4 ||     5
       Fan of gales      |       |       |       |       |       |       |       |       |     1 ||     1
  Use: Scroll            |     1 |     3 |     5 |     5 |    19 |    12 |     7 |    16 |    25 ||    93
       Potion            |       |       |       |       |     1 |       |     4 |     1 |    22 ||    28
 Stab: Distracted        |       |       |       |       |     1 |       |     1 |     1 |     4 ||     7
       Paralysed         |       |       |       |       |       |    17 |       |     2 |     4 ||    23
       Held in net/web   |       |       |       |       |       |     2 |       |       |     4 ||     6
       Invisible         |       |       |       |       |       |       |       |    17 |    60 ||    77
       Confused          |       |       |       |       |       |       |       |     1 |     1 ||     2
  Eat: Chunk             |     5 |    10 |    22 |    27 |    53 |    41 |    34 |    27 |    41 ||   260
       Ration            |       |       |     2 |     4 |     6 |     5 |     6 |    12 |    31 ||    66
Armor: Ring mail         |    23 |     6 |       |       |       |       |       |       |       ||    29
       Animal skin       |     1 |       |       |       |       |       |       |       |       ||     1
       Plate armour      |       |    43 |   136 |   197 |   472 |   264 |       |   107 |   259 ||  1478
       Chain mail        |       |       |       |       |       |   285 |   267 |   302 |       ||   854
       Gold dragon scale |       |       |       |       |       |       |       |       |   305 ||   305
Dodge: Dodged            |    43 |    37 |    93 |   186 |   421 |   434 |   272 |   574 |   796 ||  2856
Block: Tower shield      |       |       |       |       |   291 |  1119 |   918 |  1452 |  2057 ||  5837
       Reflection        |       |       |       |       |       |       |    39 |    43 |    75 ||   157

Vanquished Creatures
  5 orbs of fire
  3 ancient liches
  Mennas (Vaults:3)
  3 juggernauts
  Sojobo (Depths:5)
  7 Killer Klowns
  3 curse toes
  Margery (Crypt:2)
  9 caustic shrikes
  Nikola (Swamp:1)
  Jory (Crypt:3)
  12 golden dragons
  A profane servitor (Crypt:3)
  2 bone dragons
  4 electric golems
  6 liches
  8 tentacled monstrosities
  Jorgrun (Orc:2)
  The ghost of buskinjo the Bludgeoner, an adept MiFi of Gozag (Spider:4)
  22 Orb Guardians
  A deep elf blademaster (Elf:2)
  3 quicksilver dragons
  4 titans (Vaults:5)
  2 deep elf master archers (Elf:3)
  An ancient champion (Crypt:3)
  7 death cobs
  9 sphinxes
  2 thorn hunters
  Kirke (Swamp:1)
  Gastronok (Lair:2)
  12 shadow dragons
  17 storm dragons
  10 tengu reavers
  7 draconian knights
  5 draconian monks
  14 frost giants
  4 revenants
  10 fire giants
  6 deep elf sorcerers
  An iron dragon (Depths:4)
  9 emperor scorpions
  9 draconian scorchers
  5 ghost moths
  14 vault wardens
  Aizul (Depths:2)
  9 draconian stormcallers
  6 draconian shifters
  A juggernaut zombie (Depths:4)
  8 deep elf elementalists
  27 stone giants
  5 ghouls
  A caustic shrike skeleton (Depths:4)
  A draconian annihilator (Zot:5)
  19 ironheart preservers
  A war gargoyle (Vaults:5)
  An entropy weaver (Spider:4)
  3 spriggan defenders (Depths:4)
  31 very ugly things
  16 vampire knights
  5 deep elf demonologists
  2 lorocyprocas
  Nessos (Lair:6)
  11 purple draconians
  15 deep elf annihilators
  11 green draconians
  8 black draconians
  6 red draconians
  11 spark wasps
  4 yellow draconians
  5 white draconians
  2 blizzard demons
  A green death (D:13)
  15 ettins
  9 deep elf death magi
  5 eidola
  12 fire dragons
  27 jiangshi
  16 deep elf high priests
  A great orb of eyes (shapeshifter) (Vaults:1)
  Erolcha (D:10)
  Harold (D:8)
  15 yaktaur captains
  7 great orbs of eyes
  The ghost of Rotter5 the Fighter, a journeyman DrCj of Qazlal (Orc:1)
  32 vault guards
  5 rakshasas
  12 hydras
  6 spriggan air magi
  15 ice dragons
  A hell beast (Depths:4)
  Erica (D:10)
  2 shambling mangroves (Swamp:2)
  17 ogre magi
  A ghost crab (Swamp:4)
  4 death knights
  12 alligators
  48 two-headed ogres
  9 centaur warriors
  23 dancing weapons
  The ghost of VincentAMV the Basher, a journeyman GrFi of the Shining One (D:10)
  7 deep troll shamans
  8 tengu warriors
  2 orc high priests
  The ghost of StormphoenixUK the Severer, a novice MiFi of Okawaru (D:9)
  2 shock serpents (shapeshifter)
  A titan zombie (Depths:4)
  7 deep troll earth magi
  3 spriggan berserkers
  26 deep elf knights
  8 vampire magi
  The ghost of Koecaec the Thaumaturge, a novice DEAE of Vehumet (Lair:1)
  2 soul eaters (Depths:4)
  2 iron trolls (Depths:3)
  4 shadow wraiths
  19 hell knights
  3 salamander mystics
  A titan skeleton (Depths:4)
  22 skeletal warriors
  A large abomination (Crypt:3)
  2 death drakes (shapeshifter) (Vaults:3)
  2 storm dragon skeletons
  An entropy weaver zombie (Crypt:1)
  3 unseen horrors
  2 spriggan druids
  A ghost moth zombie (Crypt:3)
  A shadow demon (D:6)
  9 flayed ghosts
  28 deep trolls
  2 glowing orange brains
  A torturous demonspawn (Depths:3)
  An obsidian statue (Depths:4)
  A swamp dragon (shapeshifter) (D:14)
  2 wizards
  2 swamp dragons (Swamp:2)
  2 orange crystal statues
  A harpy (shapeshifter) (Depths:3)
  18 ironbrand convokers
  21 deep elf archers
  Pikel (D:8)
  3 harpies (Vaults:1)
  A golden dragon skeleton (Crypt:1)
  11 necromancers
  12 orc knights
  6 phantasmal warriors
  A wolf spider zombie (Crypt:3)
  20 wolf spiders
  32 ugly things
  13 orb spiders
  A manticore (D:15)
  10 orc sorcerers
  69 deep elf magi
  8 cyclopes
  A salamander (shapeshifter) (Vaults:3)
  10 salamanders
  2 spriggan zombies (Depths:4)
  2 black mambas
  16 elephants
  26 moths of wrath
  12 vault sentinels
  2 guardian serpents (Depths:2)
  A guardian serpent (shapeshifter) (Depths:4)
  2 rust devils
  2 torpor snails (Spider:4)
  4 orange demons
  3 kobold demonologists
  5 small abominations
  A red draconian zombie (Crypt:2)
  31 spiny frogs
  19 demonic crawlers
  4 hellwings
  41 yaktaurs
  6 rime drakes
  16 freezing wraiths
  A tormentor (WizLab)
  An alligator snapping turtle skeleton (Crypt:2)
  An ice devil (Depths:4)
  A red devil (Depths:4)
  6 tengu conjurers
  A queen bee (shapeshifter) (Vaults:4)
  5 komodo dragons
  5 polar bears
  A polar bear (shapeshifter) (Vaults:1)
  24 hornets
  5 trolls
  24 jumping spiders
  A merfolk (shapeshifter) (D:14)
  A wind drake (shapeshifter) (Vaults:1)
  A hydra zombie (Crypt:3)
  11 tyrant leeches
  A death drake zombie (Crypt:1)
  A jumping spider (shapeshifter) (Vaults:2)
  A harpy skeleton (D:15)
  2 spectral orcs (Orc:1)
  23 slime creatures
  22 blink frogs
  A hydra skeleton (Crypt:1)
  6 bog bodies
  A jumping spider zombie (Crypt:2)
  19 hippogriffs
  57 redbacks
  A vampire (D:14)
  A spriggan (shapeshifter) (Vaults:4)
  32 tarantellas
  58 flying skulls
  A ynoxinul (D:3)
  2 ettin skeletons (Crypt:1)
  An elf zombie (Depths:4)
  10 spriggans
  A tarantella (shapeshifter) (Vaults:4)
  2 yaks (shapeshifter)
  3 shadows
  An air elemental (Elf:3)
  8 hogs
  7 basilisks
  10 water elementals
  6 wraiths
  36 yaks
  A human (D:8)
  The ghost of StormphoenixUK the Chopper, an amateur HOBe of Trog (D:3)
  2 fire bats (Depths:4)
  3 fire elementals
  11 wyverns
  A wyvern (shapeshifter) (D:14)
  A dire elephant simulacrum (Crypt:3)
  A steam dragon (D:10)
  2 neqoxecs
  A human (shapeshifter) (Depths:2)
  A hungry ghost (D:13)
  32 vampire mosquitoes
  A soldier ant (D:12)
  13 wargs
  11 swamp worms
  5 swamp worm simulacra (Swamp:4)
  A soldier ant (shapeshifter) (Vaults:3)
  11 insubstantial wisps
  16 hydra simulacra (Swamp:4)
  An orb spider zombie (Crypt:2)
  An acid dragon (D:15)
  A floating eye (Depths:3)
  8 porcupines
  13 water moccasins
  A water nymph skeleton (Crypt:1)
  14 swamp drakes
  36 orc warriors
  7 sky beasts
  2 ice beasts
  A slave (D:8)
  5 black bears
  7 necrophages
  6 wolves (Lair:4)
  An ice dragon simulacrum (Crypt:1)
  3 phantoms
  21 boggarts
  20 centaurs
  11 crocodiles
  42 ogres
  10 big kobolds
  An elf simulacrum (Vaults:1)
  Blork the orc (Orc:1)
  27 bullfrogs
  A gnoll sergeant (Orc:1)
  2 earth elementals
  A wyvern skeleton (D:15)
  5 scorpions
  20 killer bees
  3 howler monkeys
  12 wights
  4 electric eels
  3 bullfrog zombies
  15 crimson imps
  A human simulacrum (Vaults:2)
  4 centaur zombies
  A quasit (D:9)
  8 centaur skeletons
  14 orc priests
  2 bullfrog skeletons
  14 hounds
  19 jellies
  45 orc wizards
  An iron imp (Depths:4)
  3 iguanas
  A human skeleton (Crypt:1)
  12 worker ants
  A killer bee zombie (D:8)
  A tengu skeleton (Crypt:2)
  A hound skeleton (D:8)
  A howler monkey skeleton (D:4)
  A worker ant zombie (D:10)
  7 gnolls
  An ogre simulacrum (Orc:1)
  11 adders
  5 shadow imps
  2 white imps (Depths:4)
  3 swamp drake simulacra (Swamp:4)
  An ooze (shapeshifter) (Depths:3)
  3 oozes
  2 orc simulacra (Orc:1)
  An adder zombie (D:7)
  3 adder skeletons
  An iguana skeleton (Crypt:1)
  2 worms
  4 dart slugs
  8 leopard geckos
  138 orcs
  9 giant cockroaches
  7 goblins
  4 hobgoblins
  6 jackals
  10 kobolds
  7 quokkas
  3 ball pythons
  4 bats
  7 frilled lizards
  2 kobold zombies
  A leopard gecko skeleton (Crypt:2)
  A quokka skeleton (D:9)
  6 rats
  A rat zombie (Crypt:1)
  10 briar patches (Swamp:4)
  6 fungi
  7 plants
2608 creatures vanquished.

Vanquished Creatures (collateral kills)
  Bai Suzhen (Crypt:1)
  Frances (Swamp:2)
  3 shadow dragons (Vaults:5)
  A thorn hunter (Swamp:4)
  2 vault wardens
  A vampire knight (Crypt:3)
  A white draconian (Zot:4)
  An ettin (Depths:3)
  A fire dragon (Depths:3)
  A yaktaur captain (Vaults:1)
  4 hydras
  2 centaur warriors
  2 skeletal warriors (Crypt:3)
  A deep elf mage (Vaults:5)
  A wolf spider (Spider:4)
  A manticore (D:15)
  2 moths of wrath (Zot:4)
  3 spiny frogs
  A centaur skeleton (D:15)
  A tyrant leech (Lair:6)
  3 blink frogs (Lair:6)
  2 redbacks (Spider:4)
  A vampire mosquito (Lair:6)
  An orc warrior (D:15)
  A worker ant (D:14)
  A plant (Lair:6)
40 creatures vanquished.

Vanquished Creatures (others)
  A golden dragon (Depths:2)
  A storm dragon (Zot:2)
  A fire giant (D:15)
  A draconian stormcaller (Zot:2)
  4 stone giants
  2 yaktaur captains (Vaults:5)
  2 deep trolls (Vaults:4)
  An orc knight (Vaults:4)
  A wolf spider (Spider:4)
  A spiny frog (Swamp:4)
  2 yaktaurs
  A golden eye (shapeshifter) (Vaults:4)
  A centaur (Vaults:4)
  A spectral orc (Orc:1)
  An orc (Orc:2)
  A briar patch (Swamp:4)
  8 bushes (D:14)
  37 fungi
  30 plants
97 creatures vanquished.

Grand Total: 2745 creatures vanquished There were no monsters in sight!

Levels and vault maps discovered:
D:1:      dpeg_arrival_water_fire, layout_loops_ring
D:2:      layout_basic, lemuel_crystal_altar, nicolae_overflow_hidden_temple,
          minmay_bisected
D:3:      layout_loops_ring, old_standard_altar, ebering_ghost_rock_garden,
          palyth_stone_intersect
D:4:      wander_river, layout_gridville, minmay_temple_entry_overgrown,
          first_ration, serial_shops, kennysheep_mini
D:5:      layout_gridville
D:6:      layout_cave_pools, kennysheep_mini_moat, portal_sewer_entry_f
D:7:      layout_rooms, nicolae_overflow_crystal_walls, marbit_many_paths,
          tso_altar
D:8:      layout_loops_ring, lemuel_doored_altar, lemuel_coloured_pillars_altar,
          grunt_livestock, uniq_pikel, uniq_harold
D:9:      layout_roguey [special_room_orc], due_lair_maze_entry_diamond,
          gammafunk_ghost_nasty_kobolds
D:10:     layout_small_grid, ebering_ghost_gozag, david_defended_altar_elf,
          uniq_erolcha, uniq_erica
D:11:     layout_gridville, minmay_orc_entry_guard_dogs
D:12:     minmay_s_stair_smasher, layout_basic
D:13:     layout_grid_maze, serial_rivers, chequers_serial_rivers_room_a,
          chequers_serial_rivers_micro_c, chequers_serial_rivers_large_a,
          chequers_serial_rivers_micro_c, chequers_jeans, wad_rectangle_vault
D:14:     layout_small_grid, david_vaults_4, serial_park_square1
          [serial_park_minivault_5x5_6]
D:15:     grunt_enter_depths_giant_problem, layout_rooms, special_room
          [special_room_mythical_zoo]
Lair:1:   layout_regular_city, hellmonk_ghost_happy_afterlife
Lair:2:   layout_gridlike, minmay_swamp_entry_wisps, spider_nest_entry_a,
          portal_ice_cave_entry_pillars_1, uniq_gastronok
Lair:3:   layout_regular_city, gauntlet_entry_generic,
          chequers_serial_rivers_marsh, grunt_megastairs_2, lemuel_fruit_fields
Lair:4:   layout_cave_pods, beast_lair_carwin_7
Lair:5:   layout_cave_pods, minmay_slime_entry_jelly_boxes
Lair:6:   minmay_lair_end_frog_pond, layout_long_grid, uniq_nessos
Swamp:1:  layout_basic_swamp, hangedman_swamp_cone, uniq_nikola, uniq_roxanne,
          uniq_kirke
Swamp:2:  layout_basic_swamp, nicolae_swamp_trees_clearing, uniq_frances
Swamp:3:  layout_basic_swamp, nicolae_swamp_treefoil
Swamp:4:  swamp_icy, layout_basic_swamp, swamp_pool1
Spider:1: layout_spider_delve, nicolae_spider_webs_and_nodes
Spider:2: layout_spider_delve
Spider:3: layout_spider_delve
Spider:4: grunt_spider_rune_circles, gammafunk_ghost_grave, worms_lemuel
Orc:1:    layout_diamond_mine, serial_shops, gammafunk_ghost_necromancy,
          sword_in_stone
Orc:2:    st_orc_town, layout_caves, serial_shops,
          nicolae_shop_temple_entry_statues_fountains, uniq_jorgrun
Elf:1:    layout_onion_city, serial_shops, shop_scrolls,
          minmay_elf_annihilation, minmay_misc_feat_ornament, patterned_corridor
Elf:2:    layout_geoelf_diagonals, serial_shops, nicolae_shop_window_shopping
Elf:3:    minmay_elf_hall_hex, layout_geoelf_octagon
Vaults:1: vaults_room_grid, nicolae_vaults_what_the_h, vaults_room_grid,
          nicolae_vaults_little_ls, nicolae_vaults_rhombus_6,
          nicolae_vaults_network_s, nicolae_vaults_three_branches,
          nicolae_vaults_big_ls, hangedman_vaults_maws, v_misc_9,
          ontoclasm_vaults_fault, vaults_dpeg_encased_lava,
          layout_vaults_maze_snakey
Vaults:2: v_misc_16, vaults_dpeg_doors, v_misc_15, v_pattern_4,
          nicolae_vaults_border_crossing, hangedman_vaults_nails,
          minmay_crypt_entry_necro_gods, ontoclasm_vaults_ligature,
          v_alt_pattern_6, nicolae_vaults_little_squares_5,
          layout_vaults_omnigrid, serial_shops, shop, nicolae_shop_stone,
          nicolae_shop_crystal, shop_statue, nicolae_shop_statue_plus
Vaults:3: nicolae_vaults_triangles, hangedman_vaults_stitches, v_misc_2,
          v_misc_30, vaults_standard_mumra_x, v_pattern_5, vaults_dpeg_cross,
          v_misc_22, nicolae_vaults_shelves_hall, vaults_dpeg_ring, v_misc_15,
          layout_vaults_omnibox, mu_enter_wizlab_4, serial_shops,
          nicolae_shop_stone, nicolae_shop_behind_doors, uniq_mennas
Vaults:4: vaults_room_corners, v_pattern_3, hangedman_vaults_stretched_pinwheel,
          hangedman_vaults_hat, vaults_dpeg_hooks, v_misc_28,
          ontoclasm_vaults_idyll, nicolae_vaults_inception_scallops,
          ontoclasm_vaults_gateway, v_misc_15, nicolae_vaults_gold_heap,
          v_misc_18, vaults_room_fours, nicolae_vaults_statue_guard,
          nicolae_vaults_little_squares_2, layout_vaults_omnicross
Vaults:5
Crypt:1:  layout_chaotic_city, uniq_bai_suzhen
Crypt:2:  layout_basic, uniq_margery
Crypt:3:  grunt_crypt_end_deaths_head
Depths:1: layout_gridlike, hell_entry, serial_rivers,
          chequers_serial_rivers_micro_b, chequers_serial_rivers_small_a,
          chequers_serial_rivers_small_a, chequers_serial_rivers_small_b,
          chequers_serial_rivers_large_b, rand_demon_pan_entry_5,
          serial_sigils_hangedman_stare, grunt_decor_clamped,
          minmay_misc_feat_chi, hangedman_decor_points, minmay_liquid_box,
          glass_columns_b, hex_tiny, grunt_ministairs_13, lemuel_statue_altar
Depths:2: kennysheep_gozag_temple, layout_cave_pools, pf_hell_entry_great_geh,
          okawaru_ov_weapons_minmay, kennysheep_nub, minmay_shop_grove,
          infiniplex_staircase_spiral_double, uniq_aizul
Depths:3: grunt_bent_corner, layout_long_grid, enter_ziggurat_d, hell_entry,
          chequers_serial_rivers_micro_d, rand_demon_pan_entry_3
Depths:4: kennysheep_treasure_stockpile, layout_gridlike, abyss_entry,
          grunt_hell_entry_demonic_statue
Depths:5: grunt_zot_entry_tricorne, layout_gridlike, hell_entry,
          hangedman_decor_lopped, hangedman_decor_slide_cut, uniq_sojobo
Zot:1:    layout_basic, hangedman_zot_decor_scrapings
Zot:2:    lemuel_draconian_sentries, layout_basic
Zot:3:    layout_basic
Zot:4:    layout_onion_interference, st_stairs_14, evilmike_ambush
          [evilmike_ambush_outer_corners, evilmike_ambush_inner_basic]
Zot:5:    layout_gridlike, gammafunk_ghost_wrathful_warriors
